 Dungeon Crawl Stone Soup version 0.23.2-1-ga50397a6bc (webtiles) character file.

Game seed: 17479020583153878623

31 Banto the Sneak (level 2, -2/24 HPs)
             Began as a Demigod Wanderer on May 10, 2019.
             Slain by a leopard gecko (5 damage)
             ... on level 2 of the Dungeon.
             The game lasted 00:01:32 (626 turns).

Banto the Sneak (Demigod Wanderer)                   Turns: 626, Time: 00:01:32

Health: -2/24      AC:  3    Str: 16    XL:     2   Next: 90%
Magic:  4/4        EV: 11    Int: 17    God:
Gold:   40         SH:  0    Dex: 13    Spells: 0/1 levels left

rFire    . . .     SeeInvis .   a - +0 falchion
rCold    . . .     Gourm    .   (no shield)
rNeg     . . .     Faith    .   d - +0 robe
rPois    .         Spirit   .   (no helmet)
rElec    .         Reflect  .   g - +0 cloak
rCorr    .         Harm     .   (no gloves)
MR       .....                  (no boots)
Stlth    ++........             (no amulet)
HPRegen  0.08/turn              (no ring)
MPRegen  0.09/turn              (no ring)

@: no status effects
A: high mp 1
a: no special abilities


You were on level 2 of the Dungeon.
You were not hungry.

You visited 1 branch of the dungeon, and saw 2 of its levels.

You collected 40 gold pieces.

Inventory:

Hand Weapons
 a - a +0 falchion (weapon)
 e - a +0 dagger
Armour
 d - a +0 robe (worn)
 g - a +0 cloak (worn)
Potions
 b - a potion of berserk rage {unknown}
 c - a potion of lignification
 h - a potion of flight {unknown}
 j - a potion of might {unknown}
 k - 2 potions of curing {unknown}
Comestibles
 f - 3 rations
 l - 4 chunks of flesh


   Skills:
 + Level 2.0 Fighting
 + Level 1.5 Long Blades
 + Level 1.0 Throwing
 + Level 0.5 Dodging
 + Level 3.1 Stealth
 + Level 2.9 Conjurations


You couldn't memorise any spells.
You knew the following spells:

 Your Spells              Type           Power        Failure   Level  Hunger
a - Magic Dart            Conj           #...         7%          1    ##.....

Your spell library contained the following spells:

 Spells                   Type           Power        Failure   Level  Hunger
 Searing Ray              Conj           #.....       11%         2    ###....
 Dazzling Spray           Conj/Hex       #.....       36%         3    ####...
 Iskenderun's Mystic Bla  Conj           #.......     56%         4    #####..
 Force Lance              Conj/Tloc      #.......     78%         4    #####..
 Fulminant Prism          Conj/Hex       #.........   78%         4    #####..


Dungeon Overview and Level Annotations

Branches:
Dungeon (2/15)


Innate Abilities, Weirdness & Mutations

You have an increased reservoir of magic. (+10% MP)


Message History

The leopard gecko closely misses you.
You riposte.
You barely miss the leopard gecko.
Unknown command.
You miss the quokka.
The quokka is severely wounded.
The bat hits you.
* * * LOW HITPOINT WARNING * * *
The bat hits you but does no damage. The quokka closely misses you.
You riposte.
You closely miss the quokka.
The quokka is severely wounded.
The leopard gecko barely misses you.
You closely miss the quokka.
The quokka is severely wounded.
The bat hits you.
* * * LOW HITPOINT WARNING * * *
The quokka closely misses you. The leopard gecko barely misses you.
The quokka bites you.
* * * LOW HITPOINT WARNING * * *
The leopard gecko bites you.
You die...

#### ## .... .. # #..#
#.########.###
##..#####.....l.......
.........$..@rb......
#####..#####.####Kw......
...##..## .# #b.......
...†.†..# .# #........
.#####..# .# ##........
.#####..####.#...........
.....#...>......#.......(
.......###.<.#..#........
.###.### #.#.......?#.###


You could see a worm, a leopard gecko, a quokka, 2 bats and a kobold.

Vanquished Creatures
  An ooze (D:1)
  6 bats
  2 giant cockroaches (D:1)
  3 goblins (D:1)
  3 hobgoblins
  3 jackals (D:2)
  A frilled lizard (D:1)
  2 kobolds (D:1)
  3 rats
24 creatures vanquished.

Notes
Turn   | Place    | Note
-------+----------+-------------------------------------------
     0 | D:1      | Banto the Demigod Wanderer began the quest for the Orb.
     0 | D:1      | Banto set off with the following items: a +0 falchion, a
                  | potion of lignification, a +0 robe, a +0 dagger, a ration;
                  | and the following spell memorised: Magic Dart; and the
                  | following spells available to memorise: Searing Ray,
                  | Dazzling Spray, Iskenderun's Mystic Blast, Force Lance,
                  | Fulminant Prism
     0 | D:1      | Reached XP level 1. HP: 17/17 MP: 3/3
   162 | D:1      | Reached skill level 3 in Stealth
   189 | D:1      | Reached XP level 2. HP: 12/24 MP: 4/4
   626 | D:2      | Slain by a leopard gecko

Skill      XL: |  1  2 |
---------------+-------+-----
Stealth        | 3 |  3.1
Fighting       | 2 |  2.0
Long Blades    | |  1.5
Throwing       | |  1.0
Dodging        | |  0.5
Conjurations   | |  2.9

Action                   || total
-------------------------++-------
Melee: Falchion          ||    72
  Use: Scroll            ||     2
 Stab: Sleeping          ||     6
Armor: Robe              ||    37
Dodge: Dodged            ||    91
       Rpst.: Falchion   ||    34
